 Dungeon Crawl Stone Soup version 0.26.0-3-g156281e41b (webtiles) character file.

Game seed: 7997543831930574810

123 terminal the Poker (level 4, -1/41 HPs)
             Began as a Minotaur Berserker on Jan 8, 2021.
             Was a Believer of Trog.
             Slain by a gnoll (8 damage)
             ... on level 3 of the Dungeon on Jan 9, 2021.
             The game lasted 00:08:26 (1344 turns).

terminal the Poker (Minotaur Berserker)             Turns: 1344, Time: 00:08:26

Health: -1/41      AC:  6    Str: 23    XL:     4   Next: 79%
Magic:  3/3        EV: 12    Int:  4    God:    Trog [**....]
Gold:   74         SH:  0    Dex:  9    Spells: 3/3 levels left

rFire    . . .     SeeInvis .   a - +1 spear
rCold    . . .     Faith    .   (no shield)
rNeg     . . .     Spirit   .   b - +0 animal skin
rPois    .         Reflect  .   (helmet restricted)
rElec    .         Harm     .   (no cloak)
rCorr    .         Rampage  .   d - +1 pair of gloves
Will     .....                  o - +1 pair of boots
Stlth    +.........             m - amulet of magic regeneration
HPRegen  0.13/turn              (no ring)
MPRegen  0.33/turn              (no ring)

@: no status effects
A: retaliatory headbutt, horns 2
a: Renounce Religion, Berserk, Trog's Hand


You were on level 3 of the Dungeon.
You worshipped Trog.
Trog was pleased with you.
You visited 1 branch of the dungeon, and saw 3 of its levels.

You collected 74 gold pieces.

Inventory:

Hand Weapons
 a - a +1 spear (weapon)
Missiles
 k - 10 poisoned darts
Armour
 b - a +0 animal skin (worn)
 d - a +1 pair of gloves (worn)
 o - a +1 pair of boots (worn)
Jewellery
 m - an amulet of magic regeneration (around neck)
Scrolls
 e - 2 scrolls of remove curse
 i - a scroll of enchant weapon
Potions
 c - a potion of cancellation {unknown}
 f - a potion of might {unknown}
 g - a potion of curing {unknown}


   Skills:
 + Level 4.8 Fighting
 + Level 5.1 Polearms
 + Level 2.9 Armour
 + Level 2.7 Dodging
 + Level 0.8 Stealth


You had 3 spell levels left.
You didn't know any spells.
Your spell library was empty.

Dungeon Overview and Level Annotations

Branches:
Dungeon (2/15)

Altars:


Innate Abilities, Weirdness & Mutations

You reflexively headbutt those who attack you in melee.
You have a pair of horns on your head.


Message History

Trog accepts your kill. The gnoll misses you.
Your Polearms skill increases to level 5!
Things that are here:
a +0 club; a hobgoblin corpse The gnoll hits you with a +0 halberd.
* * * LOW HITPOINT WARNING * * *
Things that are here:
a +0 club; a hobgoblin corpse You closely miss the gnoll.
You hit the gnoll. You headbutt the gnoll.
The gnoll is moderately wounded.
The gnoll closely misses you.
You hit the gnoll but do no damage. Your headbutt misses the gnoll.
The gnoll is moderately wounded.
The gnoll barely misses you. You furiously retaliate!
You headbutt the gnoll!
You kill the gnoll!
Trog accepts your kill. The gnoll hits you!
You die...

.## #. .# ..##. ..
.... .#### ... ....#
.. .#..# .#.#..# #
#g.#..# #.
#@##..######.
#..#)##)........
#.....)...# ###
#.##.####)# ##.## ..
...##.).######.#.##
##
######.....))..###.#
#.....#####.#.##
#.$.#........#.##
#.....#.####....##


You could see a gnoll.

Vanquished Creatures
  An orc wizard (D:3)
  2 adders
  2 gnolls (D:3)
  2 dart slugs (D:1)
  9 orcs (D:3)
  2 giant cockroaches (D:1)
  3 goblins (D:1)
  8 hobgoblins
  2 jackals (D:1)
  4 bats
  3 frilled lizards
  4 kobolds
  4 rats
46 creatures vanquished.

Notes
Turn   | Place    | Note
-------+----------+-------------------------------------------
     0 | D:1      | terminal the Minotaur Berserker began the quest for the
                  | Orb.
     0 | D:1      | Reached XP level 1. HP: 19/19 MP: 0/0
    41 | D:1      | Reached XP level 2. HP: 19/27 MP: 1/1
   168 | D:1      | Reached skill level 4 in Polearms
   395 | D:1      | Upgraded the game from 0.26-b1-57-gb162d0664a to
                  | 0.26.0-3-g156281e41b
   470 | D:1      | Reached XP level 3. HP: 29/33 MP: 2/2
  1269 | D:2      | You fall into a shaft and drop 1 floor!
  1287 | D:3      | Reached ** piety under Trog
  1328 | D:3      | Reached XP level 4. HP: 22/41 MP: 3/3
  1338 | D:3      | Reached skill level 5 in Polearms
  1344 | D:3      | Slain by a gnoll

Illustrated notes

Levels and vault maps discovered:
D:1:      wander_arrival_chamber, layout_loops_ring, minmay_bisected
D:2:      layout_basic
D:3:      layout_loops_cross

Skill      XL: |  1  2  3  4 |
---------------+-------------+-----
Fighting       | 4 |  4.8
Polearms       | 4 5 |  5.1
Armour         | |  2.9
Dodging        | |  2.7
Stealth        | |  0.8

Action                   |  1- 3 |  4- 6 || total
-------------------------+-------+-------++-------
Melee: Spear             |    98 |     9 ||   107
       Headbutt          |    11 |     4 ||    15
  Use: Scroll            |     5 |       ||     5
 Stab: Sleeping          |     2 |       ||     2
Armor: Animal skin       |    12 |     2 ||    14
Dodge: Dodged            |    48 |     4 ||    52
